 Dungeon Crawl Stone Soup version 0.32-a0-898-g7811c86cf0 (webtiles) character file.

Game seed: 7989327412607652385

56 Griffin23 the Shield-Bearer (level 3, -2/33 HPs)
             Began as a Minotaur Fighter on Apr 4, 2024.
             Succumbed to a scorpion's poison
             ... on level 2 of the Dungeon.
             The game lasted 00:01:21 (1434 turns).

Griffin23 the Shield-Bearer (Minotaur Fighter)      Turns: 1434, Time: 00:01:21

Health: -2/33      AC:  8    Str: 22    XL:     3   Next: 71%
Magic:  2/2        EV:  8    Int:  5    God:
Gold:   78         SH:  4    Dex:  9    Spells: 2/2 levels left

rFire   . . .        a - +0 long sword
rCold   . . .        c - +0 buckler
rNeg    . . .        b - +0 scale mail
rPois   .            (helmet restricted)
rElec   .            (no cloak)
rCorr   .            (no gloves)
SInv    .            n - +0 pair of boots
Will    .....        (no amulet) Stlth
                     (no ring)
HPRegen 0.25/turn    (no ring)
MPRegen 0.08/turn

%: no passive effects
@: mighty, brilliant, lethally poisoned (-2 -> -14)
A: horns 2, retaliatory headbutt
a: no special abilities


You were on level 2 of the Dungeon.
You visited 1 branch of the dungeon, and saw 2 of its levels.

You collected 78 gold pieces.

Inventory:

Hand Weapons
 a - a +0 long sword (weapon)
Missiles
 g - a throwing net (quivered)
Armour
 b - a +0 scale mail (worn)
 c - a +0 buckler (worn)
 i - a +0 pair of gloves
 n - a +0 pair of boots (worn)
Jewellery
 j - a ring of flight
Wands
 m - a wand of flame (15)
Scrolls
 e - a scroll of teleportation {unknown}
 k - 3 scrolls of enchant weapon {unknown}
Potions
 d - a potion of might
 h - 2 potions of curing {unknown}
 l - a potion of lignification {unknown}


   Skills:
 + Level 4.2 Fighting
 * Level 3.3 Long Blades
 + Level 4.1 Armour
 + Level 4.2 Shields


You had 2 spell levels left.
You didn't know any spells.
Your spell library was empty.

Dungeon Overview and Level Annotations

Branches:
Dungeon (2/15)

Altars:


Innate Abilities, Weirdness & Mutations

You have a pair of horns on your head.
You reflexively headbutt those who attack you in melee.


Message History

The scorpion poisons you!
The scorpion stings you but does no damage.
Items here: ††††.
You barely miss the scorpion. Your headbutt misses the scorpion.
You feel very sick. The scorpion stings you.
You hit the scorpion.
The scorpion is moderately wounded.
You feel sick. The scorpion stings you.
You closely miss the scorpion. Your headbutt misses the scorpion.
The scorpion is moderately wounded.
You feel very sick.
The scorpion stings you but does no damage.
The scorpion stings you.
You are lethally poisoned!
The scorpion poisons you!
You feel very mighty all of a sudden.
* * * LOW HITPOINT WARNING * * *
You feel very sick.
The scorpion stings you but does no damage.
You closely miss the scorpion.
The scorpion is moderately wounded.
* * * LOW HITPOINT WARNING * * *
You feel very sick. The scorpion closely misses you.
You block the scorpion's attack.
You closely miss the scorpion.
The scorpion is moderately wounded.
* * * LOW HITPOINT WARNING * * *
You feel sick. You block the scorpion's attack.
You barely miss the scorpion.
The scorpion is moderately wounded.
* * * LOW HITPOINT WARNING * * *
You feel sick. The scorpion stings you.
* * * LOW HITPOINT WARNING * * *
You are more poisoned.
The scorpion poisons you!
The scorpion stings you but does no damage.
It was a potion of brilliance.
You feel clever all of a sudden.
You die...

..>.........# #.# #.#
.##########.##########.#
#(# .# #.........<..#
#.# .# ##############
#.# .# #.# .# #.#
.####### #.# ........
.############# #†#
........ ..)..Js@..?..#
#.. .#######
.########.###.# ### ##
........# #.#
#######.###.# ##....#
#######.#.# ###
#.....#.#.# #..
#.###.#.#.# #.# #.#
#.#.#.########.#


You could see a scorpion and an endoplasm.

Vanquished Creatures
  An adder (D:2)
  A dart slug (D:1)
  6 endoplasms
  4 giant cockroaches
  2 goblins (D:1)
  4 hobgoblins
  4 jackals (D:2)
  2 kobolds (D:1)
  2 quokkas
  5 ball pythons
  3 bats (D:1)
  3 frilled lizards
  4 rats
41 creatures vanquished.

Notes
Turn   | Place    | Note
-------+----------+-------------------------------------------
     0 | D:1      | Griffin23 the Minotaur Fighter began the quest for the Orb.
     0 | D:1      | Reached XP level 1. HP: 19/19 MP: 0/0
   254 | D:1      | Reached XP level 2. HP: 21/27 MP: 1/1
   403 | D:1      | Found a faded altar of an unknown god.
   715 | D:1      | Reached XP level 3. HP: 33/33 MP: 2/2
  1254 | D:2      | Identified the +2 leather armour of Defence {Rampage}
  1407 | D:2      | Noticed a scorpion
  1433 | D:2      | HP: 1/33 [scorpion (1)]
  1434 | D:2      | Succumbed to a scorpion's poison

Illustrated notes

Levels and vault maps discovered:
D:1:      lightli_arrival_lavapool, layout_basic,
          shapermc_ecumenical_altar_notcrosses
D:2:      layout_loops_ring

Skill      XL: |  1  2 |
---------------+-------+-----
Fighting       | 4 |  4.2
Shields        | 4 |  4.2
Armour         | 4 |  4.1
Long Blades    | 3 |  3.3

Action                     || total
---------------------------++-------
  Melee: Long sword        ||    97
         Headbutt          ||    13
    Use: Potion            ||     2
 Armour: Scale mail        ||    80
  Dodge: Dodged            ||    44
  Block: Buckler           ||    16

Table legend: (Time is in decaauts)
 A = Elapsed time spent in this place.
 B = Non-inter-level travel time spent in this place.
 C = Inter-level travel time spent in this place.
 D = Time resting spent in this place.
 E = Time spent auto-exploring this place.
 F = Levels seen in this place.
 G = Mean time per level.
                   A        B        C        D        E       F      G
               +--------+--------+--------+--------+--------+-----+--------+
         Total |   1463 |   1391 |     72 |      0 |   1125 |   2 |  731.5 |
       Dungeon |   1463 |   1391 |     72 |      0 |   1125 |   2 |  731.5 |
               +--------+--------+--------+--------+--------+-----+--------+

Top non-repeatable levels by time:
     D:1: 902 daAuts
     D:2: 561 daAuts
